 Dungeon Crawl Stone Soup version 0.32-a0-675-gdc239d62e1 (webtiles) character file.

Game seed: 4763729281217929827

1176 graytroll the Spear-Bearer (level 8, -2/57 (65) HPs)
             Began as a Merfolk Berserker on Mar 11, 2024.
             Was a Priest of Trog.
             Slain by a wight
             ... wielding a +4 scimitar of freezing
              (4 damage)
             ... on level 5 of the Dungeon.
             The game lasted 00:13:32 (4339 turns).

graytroll the Spear-Bearer (Merfolk Berserker)      Turns: 4339, Time: 00:13:34

HP:   -2/57 (65)    AC:  4    Str: 31    XL:     8   Next: 41%
MP:   8/8           EV: 13    Int:  7    God:    Trog [***...]
Gold: 243           SH:  0    Dex: 13    Spells: 7/7 levels left

rFire   . . .        g - +1 spear (vamp)
rCold   . . .        (no shield)
rNeg    . . .        j - +0 leather armour
rPois   .            (no helmet)
rElec   .            (no cloak)
rCorr   .            k - +0 pair of gloves
SInv    .            (no boots)
Will    .....        s - amulet of regeneration
Stlth   +            n - +6 ring of strength
HPRegen 1.09/turn    f - +6 ring of strength
MPRegen 0.11/turn

%: no passive effects
@: on berserk cooldown, slowed, heavily drained, very slow
A: (nimble swimmer 2), mertail
a: Renounce Religion, Berserk, Trog's Hand


You were on level 5 of the Dungeon.
You worshipped Trog.
Trog was most pleased with you.
You visited 1 branch of the dungeon, and saw 5 of its levels.

You collected 243 gold pieces.

Inventory:

Hand Weapons
 a - a +0 spear
 g - a +1 vampiric spear (weapon)
Missiles
 b - 2 throwing nets (quivered)
Armour
 j - a +0 leather armour (worn)
 k - a +0 pair of gloves (worn)
Jewellery
 f - a +6 ring of strength (right hand)
 n - a +6 ring of strength (left hand)
 o - an amulet of faith
 s - an amulet of regeneration (around neck)
Wands
 z - a wand of polymorph (4)
Scrolls
 h - a scroll of teleportation {unknown}
 i - a scroll of revelation {unknown}
 l - a scroll of noise {unknown}
 m - 4 scrolls of identify
 p - 2 scrolls of vulnerability {unknown}
 q - a scroll of acquirement {unknown}
 r - 2 scrolls of immolation {unknown}
 t - a scroll of silence
 v - 2 scrolls of fear {unknown}
 x - a scroll of amnesia {unknown}
 y - a scroll of torment
Potions
 c - 3 potions of lignification
 d - a potion of curing
 e - a potion of brilliance
 u - a potion of enlightenment {unknown}
 w - a potion of berserk rage {unknown}


   Skills:
 + Level 6.4 Fighting
 + Level 9.1 Polearms
 + Level 3.4 Armour
 + Level 5.2 Dodging
 + Level 1.0 Stealth


You had 7 spell levels left.
You didn't know any spells.
Your spell library was empty.

Dungeon Overview and Level Annotations

Branches:
Dungeon (5/15)
 Temple: D:4-7

Altars:
Ashenzari
Dithmenos
Gozag
Kikubaaqudgha
Nemelex Xobeh
Ru
Sif Muna


Innate Abilities, Weirdness & Mutations

((You are very nimble when in or above water. (Stealth+, EV+, Speed+++)))
Your lower body shifts to a powerful aquatic tail in water.


Message History

You feel drained.
Things that are here:
a +0 flail; a +0 robe You closely miss the wight.
You barely miss the wight.
The wight hits you with a +0 long sword.
You feel drained.
You closely miss the wight. You puncture the wight!
The wight is heavily damaged.
You puncture the wight!
You destroy the wight!
Trog accepts your kill. 2 wights come into view.
A wight is wielding a +4 scimitar of freezing.
Things that are here:
a +0 long sword; a +0 robe You feel a strong urge to attack something.
You are no longer berserk.
You are exhausted.
You feel yourself slow down. The wight closely misses you.
The wight hits you with a +4 scimitar of freezing.
The wight freezes you. The wight closely misses you.
You hit the wight but do no damage. The wight hits you with a +0 scimitar!
You feel drained.
The wight hits you with a +4 scimitar of freezing!
You feel drained. The wight freezes you.
You closely miss the wight. The wight hits you with a +0 scimitar!
* * * LOW HITPOINT WARNING * * *
You feel drained.
* * * LOW HITPOINT WARNING * * *
The wight closely misses you.
You closely miss the wight. The wight misses you.
The wight hits you with a +4 scimitar of freezing!
* * * LOW HITPOINT WARNING * * *
You feel drained.
* * * LOW HITPOINT WARNING * * *
The wight freezes you.
You die...

.........................#......#
#########......#####.....#......#
.#......+......#...#.....'.....<+
.'......#......#...#.....#......#
.#......#......#...#.....#......#
.#......#......#...#.....#......#
.#......#......#...#.....#.......
###..<###......#zz.#.....#.......
#####.....#'##@..#.....#.......
#.....#.))...#.....#.......
#.....#.)....#.....#
#.....#......#.....#
#†....#......#.....#
#######.....#...##+#.....#
........######### ........#
........#


You could see 2 wights.

Vanquished Creatures
  A sky beast (D:4)
  A black bear (D:4)
  An ogre (D:5)
  2 phantoms (D:5)
  A scorpion (D:5)
  3 wights (D:5)
  3 hounds
  An orc priest (D:4)
  A jelly (D:4)
  3 iguanas
  3 orc wizards
  8 gnolls
  7 adders
  4 dart slugs
  A ribbon worm (D:2)
  14 orcs
  6 endoplasms
  4 giant cockroaches
  3 goblins
  A hobgoblin (D:1)
  3 jackals (D:3)
  4 kobolds
  3 quokkas
  11 ball pythons
  3 bats
  5 frilled lizards
  11 rats
108 creatures vanquished.

Notes
Turn   | Place    | Note
-------+----------+-------------------------------------------
     0 | D:1      | graytroll the Merfolk Berserker began the quest for the
                  | Orb.
     0 | D:1      | Reached XP level 1. HP: 18/18 MP: 1/1
   171 | D:1      | Reached XP level 2. HP: 18/24 MP: 2/2
   713 | D:1      | Found a faded altar of an unknown god.
   906 | D:2      | Reached XP level 3. HP: 24/30 MP: 3/3
  1152 | D:2      | Reached XP level 4. HP: 33/37 MP: 4/4
  1155 | D:2      | Reached ** piety under Trog
  1179 | D:2      | Found a sacrificial altar of Ru.
  1562 | D:3      | Reached skill level 5 in Polearms
  1574 | D:3      | Reached XP level 5. HP: 37/42 MP: 5/5
  1669 | D:3      | Found a sparkling altar of Nemelex Xobeh.
  1669 | D:3      | Found an opulent altar of Gozag.
  1868 | D:3      | Found a shadowy altar of Dithmenos.
  1996 | D:3      | Found a broken altar of Ashenzari.
  2328 | D:4      | Noticed a black bear
  2344 | D:4      | Killed a black bear
  2345 | D:4      | Reached skill level 6 in Polearms
  2345 | D:4      | Reached XP level 6. HP: 19/49 MP: 6/6
  2798 | D:4      | Noticed a sky beast
  2812 | D:4      | Killed a sky beast
  2813 | D:4      | Reached skill level 5 in Fighting
  2813 | D:4      | Reached skill level 7 in Polearms
  2814 | D:4      | Reached XP level 7. HP: 30/56 MP: 7/7
  3560 | D:4      | Found an ancient bone altar of Kikubaaqudgha.
  3790 | D:5      | Entered Level 5 of the Dungeon
  3961 | D:5      | Reached skill level 8 in Polearms
  4034 | D:5      | Reached *** piety under Trog
  4080 | D:5      | Found a shimmering blue altar of Sif Muna.
  4130 | D:5      | Reached XP level 8. HP: 64/64 MP: 8/8
  4202 | D:5      | Reached skill level 5 in Dodging
  4326 | D:5      | Reached skill level 9 in Polearms
  4326 | D:5      | Reached skill level 1 in Stealth
  4339 | D:5      | HP: 2/57 [wight/+4 scimitar of freezing (3)]
  4339 | D:5      | Slain by a wight

Illustrated notes

Levels and vault maps discovered:
D:1:      lightli_arrival_isolated_outpost, layout_basic,
          ebering_ecumenical_altar_webs
D:2:      layout_rooms, serial_rivers, chequers_serial_rivers_micro_a,
          chequers_serial_rivers_micro_a, chequers_serial_rivers_micro_a,
          chequers_serial_rivers_room_b, chequers_serial_rivers_micro_d,
          chequers_serial_rivers_room_a, basic_altar, minmay_tromino_i2
D:3:      layout_rooms, grunt_temple_overflow_opulence,
          ashenzari_conservatory_becter, mainiacjoe_overflow_six_doors_small,
          chequers_garden
D:4:      layout_basic, kennysheep_little_box, minmay_misc_feat_chi,
          guppyfry_early_orc_mine
D:5:      layout_gridville, nicolae_sif_muna_condensation,
          chequers_serial_rivers_micro_e

Skill      XL: |  1  2  3  4  5  6  7  8 |
---------------+-------------------------+-----
Dodging        | 3 4 5 |  5.2
Armour         | 2 3 |  3.4
Fighting       | 4 5 6 |  6.4
Polearms       | 5 6 7 8 9 |  9.1
Stealth        | 1 |  1.0

Action                     |  1- 3 |  4- 6 |  7- 9 || total
---------------------------+-------+-------+-------++-------
  Melee: Spear             |   122 |   146 |   168 ||   436
         Tailslap          |     2 |       |       ||     2
 Invoke: Berserk           |     2 |     3 |     5 ||    10
    Use: Potion            |     2 |       |       ||     2
         Scroll            |     1 |     3 |       ||     4
 Armour: Animal skin       |    19 |       |       ||    19
         Leather armour    |    74 |    78 |   106 ||   258
  Dodge: Dodged            |    69 |    90 |   106 ||   265

Table legend: (Time is in decaauts)
 A = Elapsed time spent in this place.
 B = Non-inter-level travel time spent in this place.
 C = Inter-level travel time spent in this place.
 D = Time resting spent in this place.
 E = Time spent auto-exploring this place.
 F = Levels seen in this place.
 G = Mean time per level.
                   A        B        C        D        E       F      G
               +--------+--------+--------+--------+--------+-----+--------+
         Total |   4314 |   4270 |     44 |      0 |   3051 |   5 |  862.8 |
       Dungeon |   4314 |   4270 |     44 |      0 |   3051 |   5 |  862.8 |
               +--------+--------+--------+--------+--------+-----+--------+

Top non-repeatable levels by time:
     D:4: 1642 daAuts
     D:1: 841 daAuts
     D:2: 668 daAuts
     D:3: 629 daAuts
     D:5: 532 daAuts
